 Dungeon Crawl Stone Soup version 0.27.1-33-g824d729ab1 (webtiles) character file.

Game seed: 4067933414565224120

926 zeram the Covert (level 8, -1/50 HPs)
             Began as an Octopode Brigand on Nov 25, 2021.
             Slain by an orc warrior (25 damage)
             ... on level 5 of the Dungeon.
             The game lasted 00:06:26 (4553 turns).

zeram the Covert (Octopode Brigand)                 Turns: 4553, Time: 00:06:28

Health: -1/50      AC:  1    Str: 10    XL:     8   Next: 10%
Magic:  8/8        EV: 13    Int: 21    God:
Gold:   196        SH:  0    Dex: 14    Spells: 7/7 levels left

rFire    . . .     SeeInvis .   v - +2 dagger (vamp)
rCold    . . .     Faith    .   (no shield)
rNeg     . . .     Spirit   .   (helmet restricted)
rPois    .         Reflect  .   (no amulet)
rElec    .         Harm     .   h - +6 ring of intelligence
rCorr    .         Rampage  .   (no ring)
Will     .....                  (no ring)
Stlth    +++++.....             (no ring)
HPRegen  0.16/turn              (no ring)
MPRegen  0.11/turn              (no ring)
                                (no ring)
                                (no ring)

@: silenced
A: almost no armour, amphibious, 8 rings, camouflage 1, gelatinous body 1,
(nimble swimmer 1), tentacles
a: no special abilities


You were on level 5 of the Dungeon.
You visited 1 branch of the dungeon, and saw 6 of its levels.

You collected 339 gold pieces.
You spent 143 gold pieces at shops.

Inventory:

Hand Weapons
 a - a +2 dagger
 d - a +2 dagger of speed
 p - a +2 dagger of electrocution
 v - a +2 vampiric dagger (weapon)
Missiles
 b - 20 poisoned darts (quivered)
 c - 2 curare-tipped darts
 o - 4 datura-tipped darts
Jewellery
 h - a +6 ring of intelligence (left tentacle)
Wands
 m - a wand of flame (11)
 t - a wand of paralysis (13)
Scrolls
 e - a scroll of amnesia
 g - a scroll of magic mapping
 i - 5 scrolls of teleportation
 r - a scroll of fog
Potions
 f - a potion of magic {unknown}
 j - a potion of heal wounds
 k - a potion of flight {unknown}
 n - a potion of resistance
 q - 3 potions of attraction {unknown}
 s - a potion of experience {unknown}


   Skills:
 - Level 2.0 Fighting
 + Level 4.9 Short Blades
 - Level 2.0 Throwing
 + Level 2.7 Dodging
 + Level 11.4 Stealth


You had 7 spell levels left.
You didn't know any spells.
Your spell library contained the following spells:

 Spells                   Type           Power      Damage    Failure   Level
 Petrify                  Tmut/Erth      0%         N/A       87%         4
 Metabolic Englaciation   Hex/Ice        0%         N/A       99%         5
 Statue Form              Tmut/Erth      0%         N/A       100%        6


Dungeon Overview and Level Annotations

Branches:
Dungeon (6/15)
 Temple: D:4-7

Altars:

Shops:
D:3 !


Innate Abilities, Weirdness & Mutations

You cannot wear most types of armour.
You are amphibious.
You can wear up to eight rings at the same time.
Your skin changes colour to match your surroundings (Stealth+).
Your rubbery body absorbs attacks. (AC +1, EV +1)
((You are camouflaged near water. (Stealth+)))
You have tentacles for arms and can constrict up to eight enemies at once.


Message History

* * * LOW HITPOINT WARNING * * *
You feel much better.
The orc warrior hits you with a +0 dire flail!!
* * * LOW HITPOINT WARNING * * *
You hit the orc warrior but do no damage.
You grab the orc warrior. You constrict the orc warrior.
The orc warrior misses you.
You hit the orc warrior. You squeeze the orc warrior.
The orc warrior is moderately wounded.
You constrict the orc warrior, but do no damage.
The orc warrior completely misses you.
You hit the orc warrior but do no damage.
Your squeeze misses the orc warrior.
The orc warrior is moderately wounded.
You constrict the orc warrior. You completely miss the orc warrior.
The orc warrior is moderately wounded.
You constrict the orc warrior, but do no damage.
The orc warrior closely misses you.
You hit the orc warrior.
The orc warrior is moderately wounded.
You constrict the orc warrior. The orc warrior closely misses you.
The orc wizard gestures wildly while chanting.
The orc wizard flickers and vanishes!
Deactivating autopickup; reactivate with Ctrl-A.
You release your grip on the orc warrior.
The orc warrior hits you with a +0 dire flail!
* * * LOW HITPOINT WARNING * * *
You climb upwards.
Reactivating autopickup.
There is a stone staircase leading down here.
An orc warrior is nearby!
You feel much better. The orc warrior barely misses you.
You hit the orc warrior but do no damage.
You grab the orc warrior.
The orc warrior is moderately wounded.
You constrict the orc warrior, but do no damage.
The orc warrior hits you with a +0 dire flail!!
Ouch! That really hurt!
You die...

## ######### ######.
#.......# #......
#.......# #.####.
#.......### #.# #.
#.....<...# ##.####.
#.......#.####<..##..
#..o@...#............
#...[...######...##..
####.#### ##.####.
####.##########.####.
##.##...............#.
#.......#####.##.##.#.
##.###### #.##.##.#.
#.# #.##.##.## #.#
#.##.##.#


You could see an orc warrior.

Vanquished Creatures
  Sigmund (D:5)
  An ice beast (D:5)
  A sky beast (D:5)
  A black bear (D:5)
  A howler monkey (D:5)
  3 bullfrog skeletons
  2 orc priests (D:4)
  Ijyb (D:3)
  Terence (D:2)
  3 orc wizards
  A hound zombie (D:5)
  2 hound skeletons
  7 adders
  A worm (D:3)
  5 dart slugs
  11 orcs
  4 ball pythons
  4 bats
  4 endoplasms
  4 hobgoblins
  4 kobolds
  4 quokkas
  3 frilled lizards
  8 goblins
  6 rats
83 creatures vanquished.

Vanquished Creatures (others)
  12 fungi (D:6)
12 creatures vanquished.

Grand Total: 95 creatures vanquished

Notes
Turn   | Place    | Note
-------+----------+-------------------------------------------
     0 | D:1      | zeram the Octopode Brigand began the quest for the Orb.
     0 | D:1      | Reached XP level 1. HP: 14/14 MP: 1/1
    84 | D:1      | Reached XP level 2. HP: 9/19 MP: 2/2
    90 | D:1      | Reached skill level 6 in Stealth
   840 | D:1      | Reached XP level 3. HP: 24/24 MP: 3/3
  1293 | D:2      | Noticed Terence
  1299 | D:2      | Killed Terence
  1300 | D:2      | Reached skill level 7 in Stealth
  1300 | D:2      | Reached XP level 4. HP: 29/29 MP: 4/4
  1670 | D:3      | Found Wywk's Distillery.
  1673 | D:3      | Bought 2 potions of heal wounds for 110 gold pieces
  1673 | D:3      | Bought a potion of curing for 33 gold pieces
  2250 | D:3      | Noticed Ijyb
  2278 | D:3      | Killed Ijyb
  2460 | D:3      | Reached XP level 5. HP: 34/34 MP: 5/5
  2649 | D:4      | Reached skill level 8 in Stealth
  2936 | D:4      | Reached XP level 6. HP: 32/39 MP: 6/6
  2944 | D:4      | Reached skill level 9 in Stealth
  3167 | D:5      | Entered Level 5 of the Dungeon
  3369 | D:5      | Noticed Sigmund
  3382 | D:5      | Killed Sigmund
  3383 | D:5      | Reached XP level 7. HP: 45/45 MP: 7/7
  3405 | D:5      | Reached skill level 10 in Stealth
  3760 | D:5      | Reached skill level 11 in Stealth
  4000 | D:6      | Reached XP level 8. HP: 41/50 MP: 8/8
  4550 | D:6      | HP: 1/50 [orc warrior (15)]
  4553 | D:5      | Slain by an orc warrior

Illustrated notes

Levels and vault maps discovered:
D:1:      enne_arrival_octagon_isle, layout_basic
D:2:      layout_loops_cross, uniq_terence
D:3:      layout_basic, serial_shops, nicolae_shop_behind_doors,
          minmay_fractal_squares_diagonal_5, uniq_ijyb
D:4:      layout_gridville
D:5:      layout_loops_ring, nrook_mini_backslash, grunt_decor_arrowhead,
          uniq_sigmund
D:6:      layout_basic, lemuel_doored_altar, minmay_temple_entry_offerings,
          serial_aquarium, aquarium_bridge_straight [aquarium_subvault_bridge,
          aquarium_subvault_wall, aquarium_subvault_bridge,
          aquarium_subvault_wall], aquarium_bridge_square
          [aquarium_subvault_bridge, aquarium_subvault_wall,
          aquarium_subvault_wall, aquarium_subvault_bridge],
          aquarium_window_double, aquarium_window_fake, aquarium_view_2a,
          aquarium_view_2d, aquarium_pool_corner

Skill      XL: |  1  2  3  4  5  6  7 |
---------------+----------------------+-----
Stealth        | 6 7 8 9 11 | 11.4
Short Blades   | 3 4 |  4.9
Dodging        | 2 |  2.7
Fighting       | |  2.0
Throwing       | |  2.0

Action                   |  1- 3 |  4- 6 |  7- 9 || total
-------------------------+-------+-------+-------++-------
Melee: Dagger            |    42 |   102 |    56 ||   200
       Tentacles         |     9 |    18 |    13 ||    40
       Constrict         |     8 |    18 |    11 ||    37
  Use: Scroll            |     5 |     1 |     3 ||     9
       Potion            |       |     2 |     6 ||     8
 Stab: Sleeping          |    11 |    13 |     5 ||    29
       Distracted        |       |     1 |     1 ||     2
Armor: Skin              |     4 |     1 |     1 ||     6
Dodge: Dodged            |     8 |    36 |    27 ||    71
